 Dungeon Crawl Stone Soup version 0.31-a0-188-g5e087ee2ca (webtiles) character file.

Game seed: 499676403487003385

1123 qw the Skirmisher (level 8, 0/44 HPs)
             Began as a Deep Elf Hunter on June 23, 2023.
             Was a Follower of Okawaru.
             Succumbed to a scorpion's poison
             ... on level 5 of the Dungeon.
             The game lasted 00:01:21 (3059 turns).

qw the Skirmisher (Deep Elf Hunter)                 Turns: 3059, Time: 00:01:22

Health: 0/44       AC:  7    Str: 10    XL:     8   Next: 13%
Magic:  9/13       EV: 17    Int: 15    God:    Okawaru [*.....]
Gold:   201        SH:  0    Dex: 24    Spells: 7/7 levels left

rFire   . . .        Y - +0 shortbow
rCold   . . .        (shield currently unavailable)
rNeg    . . .        j - +0 ring mail
rPois   .            (no helmet)
rElec   .            (no cloak)
rCorr   .            (no gloves)
SInv    .            c - +0 pair of boots
Will    .....        (no amulet)
Stlth   +            b - +4 ring of slaying {mikee}
HPRegen 0.27/turn    e - +6 ring of dexterity
MPRegen 0.13/turn

%: no passive effects
@: confused, lethally poisoned (0 -> -3), heroic
A: no striking features
a: Renounce Religion, Heroism


You were on level 5 of the Dungeon.
You worshipped Okawaru.
Okawaru was aware of your devotion.
You visited 1 branch of the dungeon, and saw 5 of its levels.

You collected 201 gold pieces.


   Skills:
 - Level 2.0(7.0) Fighting
 + Level 11.5(16.5) Ranged Weapons
 - Level 1.1(6.1) Armour
 - Level 4.1(9.1) Dodging
 - Level 1.2(6.2) Stealth
 - Level 4.1 Invocations


You had 7 spell levels left.
You didn't know any spells.
Your spell library was empty.

Inventory:

Hand Weapons
 Y - a +0 shortbow (weapon)
Armour
 c - a +0 pair of boots (worn)
 j - a +0 ring mail (worn)
Jewellery
 b - a +4 ring of slaying (left hand) {mikee}
 d - a ring of fire
 e - a +6 ring of dexterity (right hand)
Potions
 a - a potion of lignification {unknown}
 f - a potion of haste {unknown}
 g - a potion of enlightenment {unknown}
 i - a potion of curing {unknown}
 n - a potion of resistance {unknown}
 p - a potion of might {unknown}

Dungeon Overview and Level Annotations

Branches:
Dungeon (5/15)             Temple (0/1) D:4

Altars:
Ashenzari
Okawaru
Sif Muna

Shops:
D:1 (

Annotations:
D:3 1 runed translucent door, Crazy Yiuf
D:4 2 transporters


Message History

Okawaru accepts your kill.
The scorpion stings you but does no damage.
You shoot an arrow.
The arrow hits the scorpion but does no damage.
Something hits you but does no damage. x2
The scorpion stings you but does no damage.
You shoot an arrow. The arrow hits the scorpion!
The scorpion is severely wounded.
Something hits you. Something hits you but does no damage.
The scorpion stings you.
You are poisoned.
The scorpion poisons you!
You shoot an arrow.
The arrow hits the scorpion but does no damage.
The scorpion is severely wounded.
You feel very sick. The scorpion closely misses you. Something hits you. x2
You shoot an arrow. The arrow hits the scorpion!
You kill the scorpion!
Okawaru accepts your kill.
You feel sick. Something hits you. x2
Your Invocations skill increases to level 4!
You shoot an arrow.
You feel sick.
You shoot an arrow.
You feel sick.
Something hits you but does no damage. x2
You shoot an arrow. Okawaru accepts your kill.
Reactivating autopickup.
You feel a bit more experienced.
You feel sick. Something hits you but does no damage.
Deactivating autopickup; reactivate with Ctrl-A.
You shoot an arrow.
You feel sick.
You hear some strange, mumbled words.
You are confused.
You shoot an arrow.
You feel sick. Something hits you but does no damage.
You shoot an arrow.
You die...

.#.# '#
...# ..
..# .#
.)#
.####.# .
.#...ยค#
...#####.
#%<#
+...).+
#...#
#..){@#
#.###
#....)#
#.
...#...#.
. . .....
...
#..####
#.# ##
#.# .. .#


There were no monsters in sight!

Vanquished Creatures
  2 ogres (D:5)
  A centaur (D:5)
  A phantom (D:5)
  A kobold brigand (D:4)
  4 scorpions
  A hound (D:3)
  A jelly (D:4)
  2 orc priests
  A sleepcap (D:4)
  5 orc wizards
  4 gnolls (D:3)
  8 adders
  2 ufetubi
  2 worms
  3 dart slugs
  18 orcs
  4 endoplasms
  2 giant cockroaches (D:1)
  7 goblins
  6 hobgoblins
  3 jackals (D:1)
  3 kobolds
  5 quokkas
  8 ball pythons
  6 bats
  2 frilled lizards
  8 rats
110 creatures vanquished.

Notes
Turn   | Place    | Note
-------+----------+-------------------------------------------
     0 | D:1      | qw the Deep Elf Hunter began the quest for the Orb.
     0 | D:1      | Reached XP level 1. HP: 12/12 MP: 3/3
     0 | D:1      | 0 ||| qw: Version: 0.3-a-9-g12657ce
     0 | D:1      | 0 ||| qw: Game counter: 3252
     0 | D:1      | 0 ||| qw: Always use a shield: true
     0 | D:1      | 0 ||| qw: God list: Okawaru
     0 | D:1      | 0 ||| qw: Allow faded altars: false
     0 | D:1      | 0 ||| qw: Do Orc after D:15 true
     0 | D:1      | 0 ||| qw: Do second Lair branch before Depths: true
     0 | D:1      | 0 ||| qw: Lair rune preference: random
     0 | D:1      | 0 ||| qw: Plans: Normal
     0 | D:1      | 0 ||| PLANNING D:1-11
    18 | D:1      | 18 ||| FLEEEEING.
   149 | D:1      | Reached XP level 2. HP: 16/16 MP: 4/4
   154 | D:1      | Reached skill level 6 in Ranged Weapons
   276 | D:1      | Found Nawouj's Weapon Shop.
   626 | D:1      | 626 ||| READING scroll labelled NIFANY DOEKI.
   627 | D:1      | 627 ||| READING scroll labelled LEFUIZ IBILY.
   628 | D:1      | 628 ||| DROPPING scroll of butterflies.
   660 | D:2      | Reached XP level 3. HP: 20/20 MP: 5/5
   767 | D:2      | Reached skill level 7 in Ranged Weapons
   994 | D:2      | Found a shimmering blue altar of Sif Muna.
  1009 | D:2      | Reached XP level 4. HP: 25/25 MP: 6/6
  1216 | D:2      | 1216 ||| UPGRADING to +0 ring mail.
  1226 | D:2      | 1226 ||| DROPPING +0 leather armour.
  1227 | D:2      | 1227 ||| UPGRADING to +4 ring of slaying {mikee}.
  1228 | D:2      | 1228 ||| UPGRADING to +6 ring of dexterity.
  1229 | D:2      | 1229 ||| DROPPING +4 ring of protection.
  1230 | D:2      | 1230 ||| DROPPING ring of resist corrosion.
  1231 | D:2      | 1231 ||| READING scroll labelled MUBBABR EGOXE.
  1232 | D:2      | 1232 ||| READING scroll labelled YZUUST TAPNIGGU.
  1233 | D:2      | 1233 ||| READING scroll labelled XUUGGI HUIQOTO.
  1259 | D:3      | Found a faded altar of an unknown god.
  1362 | D:3      | Reached skill level 8 in Ranged Weapons
  1515 | D:3      | 1515 ||| FLEEEEING.
  1570 | D:3      | Reached skill level 3 in Dodging
  1570 | D:3      | Reached XP level 5. HP: 29/29 MP: 7/7
  1614 | D:3      | Found an iron altar of Okawaru.
  1615 | D:3      | 1615 ||| PLANNING OKAWARU WORSHIP
  1622 | D:3      | Became a worshipper of Warmaster Okawaru
  1623 | D:3      | 1623 ||| PLANNING D:1-11
  1859 | D:3      | Found a runed translucent door.
  1860 | D:3      | Noticed Crazy Yiuf
  1951 | D:3      | Reached skill level 9 in Ranged Weapons
  2207 | D:3      | 2207 ||| UPGRADING to +0 pair of boots.
  2247 | D:4      | Found a broken altar of Ashenzari.
  2250 | D:4      | 2250 ||| STAIRDANCE
  2341 | D:4      | Reached XP level 6. HP: 35/35 MP: 8/8
  2353 | D:4      | Identified the +11 trident "Leiwny" {venom, rElec rF-
                  | Will+}
  2353 | D:4      | Identified the +1 kite shield "Gappujug" {+Inv}
  2446 | D:4      | Found a transporter.
  2446 | D:4      | Found a transporter.
  2465 | D:4      | Reached skill level 10 in Ranged Weapons
  2534 | D:4      | Reached * piety under Okawaru
  2544 | D:4      | 2544 ||| INVOKING Heroism.
  2546 | D:4      | Reached skill level 1 in Armour
  2550 | D:4      | HP: 8/35 [something (2)]
  2555 | D:4      | HP: 5/35 [something (2)]
  2557 | D:4      | Reached XP level 7. HP: 6/40 MP: 7/9
  2691 | D:4      | Reached skill level 1 in Invocations
  2712 | D:4      | Found a staircase to the Ecumenical Temple.
  2972 | D:4      | 2972 ||| READING scroll labelled UKIAH FIUQ.
  2976 | D:4      | 2976 ||| READING 4 scrolls labelled WOOMNAKAEMM.
  2977 | D:4      | 2977 ||| READING scroll labelled NUEHITSIKK.
  2978 | D:4      | 2978 ||| DRINKING 2 dark potions.
  2979 | D:4      | 2979 ||| DROPPING 3 scrolls of blinking.
  3012 | D:5      | Entered Level 5 of the Dungeon
  3013 | D:5      | 3013 ||| INVOKING Heroism.
  3033 | D:5      | 3033 ||| INVOKING Heroism.
  3037 | D:5      | Reached skill level 11 in Ranged Weapons
  3037 | D:5      | Reached skill level 3 in Invocations
  3044 | D:5      | HP: 10/40 [something (1)]
  3045 | D:5      | 3045 ||| DRINKING potion of heal wounds.
  3047 | D:5      | Reached XP level 8. HP: 28/44 MP: 8/12
  3052 | D:5      | HP: 11/44 [something (4)]
  3053 | D:5      | HP: 5/44 [something (1)]
  3056 | D:5      | HP: 2/44 [poisoned by a scorpion]
  3059 | D:5      | Succumbed to a scorpion's poison

Levels and vault maps discovered:
D:1:      dpeg_arrival_leaves_temple_mockup, layout_basic, serial_shops, shop,
          eino_curves_03, hangedman_decor_growths, minmay_quantized
D:2:      layout_rooms, basic_altar, hangedman_decor_push,
          minmay_rat_gold_closets
D:3:      layout_basic, okawaru_altar_gauntlet_db,
          chequers_ecumenical_altar_simple, serial_park_tiny_2,
          chequers_serial_rivers_room_b, uniq_crazy_yiuf_cottage
D:4:      layout_basic, ashenzari_conservatory_becter,
          minmay_temple_entry_mini_moons, gammafunk_ghost_gnarly_gnolls
D:5:      layout_loops_ring, mainiacjoe_overflow_paths, old_standard_altar,
          minitemple, serial_demonic, serial_demonic_f, serial_demonic_b,
          serial_demonic_e, serial_demonic_a, minmay_fractal_squares_diagonal_5,
          uniq_menkaure

Skill      XL: |  1  2  3  4  5  6  7  8 |
---------------+-------------------------+-----
Ranged Weapons | 6 7 8 9 10 11 | 11.5
Dodging        | 3 4 |  4.1
Fighting       | 2 |  2.0
Armour         | 1 |  1.1
Invocations    | 3 4 |  4.1
Stealth        | |  1.2

Action                     |  1- 3 |  4- 6 |  7- 9 || total
---------------------------+-------+-------+-------++-------
   Fire: Shortbow          |    93 |   143 |    57 ||   293
 Invoke: Heroism           |       |     1 |     2 ||     3
    Use: Scroll            |     2 |     3 |     3 ||     8
         Potion            |       |       |     2 ||     2
 Armour: Leather armour    |     7 |     1 |       ||     8
         Ring mail         |       |    32 |    18 ||    50
  Dodge: Dodged            |    15 |    60 |    17 ||    92

Table legend:
 A = Non-vault XP
 B = Vault XP
 C = Vault XP percentage of total XP
 D = Non-vault monster count
 E = Vault monster count
 F = Vault count percentage of total count
                 A         B        C        D         E       F
            +---------+---------+-------+---------+---------+-------
      Total |     968 |     637 |  39.7 |      88 |      22 |  20.0
            +---------+---------+-------+---------+---------+-------
        D:1 |      32 |       5 |  13.5 |      16 |       4 |  20.0
        D:2 |      74 |       5 |   6.3 |      14 |       5 |  26.3
        D:3 |     225 |      26 |  10.4 |      26 |       6 |  18.8
        D:4 |     438 |       0 |   0.0 |      27 |       0 |   0.0
        D:5 |     199 |     601 |  75.1 |       5 |       7 |  58.3
            +---------+---------+-------+---------+---------+-------
